Construct Infanterie Kompanie
Selects Mechanized Battlegroup
Selects Mechanized Battlegroup
Selects Mechanized Battlegroup
Infanterie Officer Quarters
Construct Panzergrenadier Kompanie
Selects 8 Rad Armored Car
Selects Mobile Repair Stations
Construct Panzer Kompanie
Selects Stoßtruppen Assault Package
Selects UNKNOWN (2160084)
Selects Zeroing Artillery Barrage
Zeroing Artillery Barrage
Zeroing Artillery Barrage